 Dungeon Crawl Stone Soup version 0.24-a0-582-g4d4af81 (webtiles) character file.

Game seed: 4704352687367516664

44102 DrEnzyme the Slicer (level 13, -1/113 HPs)
             Began as a Demigod Wanderer on Aug 26, 2019.
             Slain by an elephant (2 damage)
             ... on level 6 of the Lair of Beasts.
             The game lasted 02:02:16 (37757 turns).

DrEnzyme the Slicer (Demigod Wanderer)             Turns: 37757, Time: 02:02:17

Health: -1/113     AC: 12    Str: 20    XL:     13   Next: 56%
Magic:  26/34      EV: 16    Int: 18    God:
Gold:   1242       SH:  8    Dex: 20    Spells: 9/23 levels left

rFire    + . .     SeeInvis .   H - +7 falchion of Compassion {freeze, Dex+4}
rCold    . . .     Gourm    .   S - +2 buckler {rF+}
rNeg     + . .     Faith    .   r - +2 ring mail {rPois}
rPois    +         Spirit   .   (no helmet)
rElec    .         Reflect  .   z - +2 cloak
rCorr    .         Harm     .   (no gloves)
MR       +....                  (no boots)
Stlth    +.........             C - amulet of rage
HPRegen  0.28/turn              q - ring of positive energy
MPRegen  0.24/turn              l - ring of magical power

@: confusing touch, about to teleport, very slightly contaminated
A: high mp 1
a: Evoke Berserk Rage


You were on level 6 of the Lair of Beasts.
You were near starving.

You visited 3 branches of the dungeon, and saw 19 of its levels.
You also visited: Volcano.

You collected 1411 gold pieces.
You spent 169 gold pieces at shops.

Inventory:

Hand Weapons
 a - a +2 vampiric rapier
 b - the +1 dagger of Greed {pierce, +Inv rElec Stlth+}
   (You found it on level 5 of the Dungeon)

   It inflicts extra damage upon your enemies.
   It insulates you from electricity.
   It lets you turn invisible.
   It makes you more stealthy.
 H - the +7 falchion of Compassion (weapon) {freeze, Dex+4}
   (You found it on level 3 of the Lair of Beasts)

   It has been specially enchanted to freeze those struck by it, causing extra
   injury to most foes and up to half again as much damage against particularly
   susceptible opponents.
   It can also slow down cold-blooded creatures.
   It affects your dexterity (+4).
Missiles
 k - 3 silver boomerangs
 w - 5 poisoned darts (quivered)
 y - 5 atropa-tipped darts
Armour
 r - a +2 ring mail of poison resistance (worn)
 z - a +2 cloak (worn)
 Q - a +1 leather armour of fire resistance
 S - a +2 buckler of fire resistance (worn)
Jewellery
 l - a ring of magical power (right hand)
 q - a ring of positive energy (left hand)
 C - an amulet of rage (around neck)
 D - an uncursed ring of ice
 M - a +2 ring of strength {unknown}
Wands
 t - a wand of random effects (24)
 F - a wand of flame (21)
 L - a wand of disintegration (15)
 O - a wand of clouds (2)
 P - a wand of digging (3)
Scrolls
 c - a scroll of summoning {unknown}
 d - 3 scrolls of silence
 g - 2 scrolls of enchant armour
 i - a scroll of blinking
 o - 6 scrolls of amnesia
 B - 4 scrolls of fog
 E - 5 scrolls of remove curse
 G - 2 scrolls of brand weapon
 I - 2 scrolls of magic mapping
 K - 2 scrolls of immolation
Potions
 e - 2 potions of agility
 h - a potion of cancellation {unknown}
 j - a potion of haste
 m - 2 potions of berserk rage
 n - 4 potions of curing
 p - a potion of magic {unknown}
 s - 4 potions of might
 u - 5 potions of flight
 x - 5 potions of resistance
 T - a potion of mutation
Miscellaneous
 J - a phial of floods (inert)
Comestibles
 f - 17 rations


   Skills:
 * Level 10.0 Fighting
 + Level 10.4(11.0) Short Blades
 * Level 5.4(8.7) Long Blades
   Level 1.5(2.0) Slings
 - Level 2.0(2.2) Throwing
 + Level 7.9 Armour
 + Level 6.8 Dodging
 - Level 1.2 Stealth
 - Level 4.0 Shields
 - Level 5.8 Spellcasting
 + Level 6.5 Hexes
 + Level 4.9 Charms
 + Level 1.5 Necromancy
 - Level 1.1 Translocations
 * Level 6.1 Evocations


You had 9 spell levels left.
You knew the following spells:

 Your Spells              Type           Power        Failure   Level  Hunger
a - Confusing Touch       Hex            ####..       1%          1    None
b - Regeneration          Chrm/Necr      ###.......   16%         3    ##.....
c - Shroud of Golubria    Chrm/Tloc      ###...       9%          2    None
d - Blink                 Tloc           N/A          19%         2    None
e - Mephitic Cloud        Conj/Pois/Air  #.......     50%         3    ##.....
f - Spectral Weapon       Hex/Chrm       ####....     5%          3    ##.....

Your spell library contained the following spells:

 Spells                   Type           Power        Failure   Level  Hunger
 Slow                     Hex            ####....     1%          2    None
 Infusion                 Chrm           ###.         2%          1    None
 Song of Slaying          Chrm           ###.....     3%          2    None
 Confuse                  Hex            ####....     3%          3    ##.....
 Cause Fear               Hex            ####......   13%         4    ####...
 Dazzling Spray           Conj/Hex       ###...       14%         3    ##.....
 Summon Guardian Golem    Hex/Summ       ###.....     14%         3    ##.....
 Beastly Appendage        Tmut           #.....       19%         1    None
 Magic Dart               Conj           #...         19%         1    None
 Sandblast                Erth           #.....       19%         1    None
 Summon Small Mammal      Summ           #...         19%         1    None
 Call Imp                 Summ           #.......     28%         2    None
 Searing Ray              Conj           #.....       28%         2    None
 Sticks to Snakes         Tmut           #.......     28%         2    None
 Gell's Gravitas          Tloc           #.........   34%         3    ##.....
 Fulminant Prism          Conj/Hex       ###.......   43%         4    ####...
 Call Canine Familiar     Summ           #.......     50%         3    ##.....
 Conjure Flame            Conj/Fire      #.......     50%         3    ##.....
 Spider Form              Tmut/Pois      #.........   50%         3    ##.....
 Stone Arrow              Conj/Erth      #.....       50%         3    ##.....
 Metabolic Englaciation   Hex/Ice        ###.......   80%         5    #####..
 Silence                  Hex/Air        ###.......   80%         5    #####..
 Yara's Violent Unravell  Hex/Tmut       ###.......   80%         5    #####..
 Force Lance              Conj/Tloc      #.......     83%         4    ####...
 Ice Form                 Ice/Tmut       #.......     88%         4    ####...
 Iskenderun's Mystic Bla  Conj           #.......     88%         4    ####...
 Petrify                  Tmut/Erth      #.......     88%         4    ####...
 Summon Ice Beast         Ice/Summ       #.......     88%         4    ####...
 Summon Lightning Spire   Summ/Air       #.......     88%         4    ####...
 Iskenderun's Battlesphe  Conj/Chrm      ##......     89%         5    #####..
 Blade Hands              Tmut           #.........   99%         5    #####..
 Bolt of Magma            Conj/Fire/Erth #.........   99%         5    #####..
 Venom Bolt               Conj/Pois      #.........   99%         5    #####..
 Deflect Missiles         Chrm/Air       ##........   100%        6    #######
 Iron Shot                Conj/Erth      #.........   100%        6    #######
 Orb of Destruction       Conj           #.........   100%        7    #######
 Spellforged Servitor     Conj/Summ      #.........   100%        7    #######
 Discord                  Hex            ####......   100%        8    #######


Dungeon Overview and Level Annotations

Branches:
Dungeon (12/15)            Temple (0/1) D:4            Lair (6/6) D:9
  Swamp (0/4) Lair:4        Snake (0/4) Lair:4        Slime (0/5) Lair:5
    Orc (1/2) D:12        Volcano (visited)

Shops:
D:4 *   D:9 %   D:11 %   D:12 *

Annotations:
D:3 3 runed translucent doors, exclusion: 3 doors, felly21's ghost, amateur DrBe
D:5 exclusion: downstairs
D:6 1 runed translucent door, Crazy Yiuf
Lair:1 1 runed translucent door, yuri's ghost, novice BaFi
Lair:2 exclusion: downstairs
Lair:4 exclusions: downstairs and upstairs
Lair:6 3 exclusions
Orc:1 Jorgrun


Innate Abilities, Weirdness & Mutations

You have an increased reservoir of magic. (+10% MP)


Message History

As you read the scroll of teleportation, it crumbles to dust.
You feel strangely unstable. The elephant tramples you!
* * * LOW HITPOINT WARNING * * *
You hold your ground!
You block the elephant's attack. The elephant tramples you!
* * * LOW HITPOINT WARNING * * *
You hold your ground!
The elephant trunk-slaps you but does no damage.
Okay, then.
Okay, then.
Okay, then.
Evoke which item? (* to show all) (? for menu, Esc to quit)
Okay, then.
You feel better. The elephant tramples you!
* * * LOW HITPOINT WARNING * * *
You hold your ground!
The elephant trunk-slaps you but does no damage.
The elephant tramples you but does no damage.
The elephant trunk-slaps you.
You die...

#.##.Y..# ###.......#.#...≈ #
#..Y######......#######...
##...###.#P.....## ##...
.#P##...###.......##.#####.÷.≈
....P......#.....####..##....#
................#######.......
...........(...P# #.###....###
##....##...#Y#Y## #..#.....#
##...## ######@## #.....###
###P...P# ### ####...##
.##.....#############.....#.#
#.#.........P#P.#..##...<####
.........................#
.........................#
.....#..........P.#....###
.P#.###..###..##P...#..# #####
#####.#########.##


You could see 2 elephants.

Vanquished Creatures
  5 hydras
  Fannar (Lair:2)
  4 two-headed ogres
  2 death yaks (Lair:5)
  A hell hog (Volcano)
  A fire crab (Volcano)
  A manticore (Lair:6)
  3 ugly things
  3 cyclopes
  6 elephants
  11 black mambas
  A torpor snail (Lair:5)
  2 molten gargoyles (Volcano)
  10 komodo dragons
  A kobold demonologist (D:11)
  5 spiny frogs
  3 hornets
  2 polar bears
  4 trolls
  7 hippogriffs
  10 blink frogs
  3 shadows
  A water elemental (D:11)
  A wraith (D:10)
  A spriggan (D:7)
  4 basilisks
  A hungry ghost (D:12)
  Eustachio (D:6)
  7 fire bats (Volcano)
  A fire elemental (Lair:3)
  25 yaks
  A steam dragon (Volcano)
  Edmund (D:6)
  16 water moccasins
  A hell hound (Volcano)
  7 porcupines
  A black bear (D:8)
  2 ice beasts
  4 orc warriors
  A phantom (D:11)
  4 centaurs
  6 ogres
  6 crocodiles
  A big kobold (D:9)
  15 bullfrogs
  3 scorpions
  20 killer bees
  6 electric eels (D:11)
  2 howler monkeys
  5 lava snakes (Volcano)
  4 crimson imps
  A bullfrog zombie (D:12)
  5 hounds
  7 jellies
  12 orc priests
  20 orc wizards
  2 bullfrog skeletons
  A centaur skeleton (D:4)
  11 iguanas
  2 worker ants
  A hound zombie (D:10)
  2 hound skeletons (D:4)
  4 gnolls (D:8)
  17 adders
  4 shadow imps
  7 oozes
  2 adder skeletons
  9 worms
  3 dart slugs
  4 leopard geckos
  71 orcs
  11 bats
  8 giant cockroaches
  8 goblins
  3 hobgoblins
  13 jackals
  3 quokkas
  5 ball pythons
  7 frilled lizards
  6 kobolds
  2 leopard gecko skeletons
  A quokka zombie (D:8)
  6 rats
  A fungus (Lair:3)
  A spectral weapon (Lair:5)
494 creatures vanquished.

Vanquished Creatures (collateral kills)
  2 hydras
  A killer bee (D:10)
  An adder (Lair:4)
4 creatures vanquished.

Vanquished Creatures (others)
  An orc priest (D:6)
  A jelly (D:9)
  A worker ant zombie (D:9)
  An adder (D:9)
  An orc (Orc:1)
  8 fungi
  9 plants
  4 spectral weapons
26 creatures vanquished.

Grand Total: 524 creatures vanquished

Notes
Turn   | Place    | Note
-------+----------+-------------------------------------------
     0 | D:1      | DrEnzyme the Demigod Wanderer began the quest for the Orb.
     0 | D:1      | DrEnzyme set off with the following items: a +0 club, a
                  | scroll of teleportation, a +0 robe, a ration; and the
                  | following spells available to memorise: Infusion, Song of
                  | Slaying, Shroud of Golubria, Sandblast, Regeneration,
                  | Spectral Weapon, Stone Arrow
     0 | D:1      | Reached XP level 1. HP: 17/17 MP: 4/4
   498 | D:1      | Reached XP level 2. HP: 20/25 MP: 5/5
  1631 | D:2      | Reached XP level 3. HP: 24/30 MP: 7/7
  1804 | D:2      | Reached skill level 1 in Short Blades
  2341 | D:2      | Reached XP level 4. HP: 20/37 MP: 8/8
  2977 | D:2      | Reached skill level 1 in Armour
  4043 | D:3      | Found a runed translucent gate.
  4043 | D:3      | Found a runed translucent gate.
  4043 | D:3      | Found a runed translucent gate.
  4044 | D:3      | Found an opulent altar of Gozag.
  4045 | D:3      | Noticed a bullfrog
  4045 | D:3      | Noticed felly21's ghost (amateur DrBe)
  4347 | D:3      | Learned a level 1 spell: Confusing Touch
  4428 | D:3      | Found a sacrificial altar of Ru.
  4674 | D:4      | Noticed an ogre
  4713 | D:4      | Found Gozag's Platinum Reserve.
  4723 | D:4      | Reached skill level 1 in Slings
  4723 | D:4      | Reached XP level 5. HP: 30/45 MP: 9/9
  4795 | D:4      | Found an opulent altar of Gozag.
  5038 | D:4      | Found a staircase to the Ecumenical Temple.
  5101 | D:4      | Found a snail-covered altar of Cheibriados.
  5578 | D:5      | Entered Level 5 of the Dungeon
  5954 | D:4      | Found a burning altar of Makhleb.
  6142 | D:5      | Found a hazy altar of Hepliaklqana.
  6178 | D:5      | Reached XP level 6. HP: 43/51 MP: 11/11
  6783 | D:5      | Got a jewelled dagger
  6784 | D:5      | Identified the +1 dagger of Greed {pierce, +Inv rElec
                  | Stlth+} (You found it on level 5 of the Dungeon)
  6845 | D:5      | Found a sparkling altar of Nemelex Xobeh.
  8050 | D:6      | Reached skill level 1 in Shields
  8050 | D:6      | Reached skill level 1 in Hexes
  8068 | D:6      | Reached XP level 7. HP: 26/57 MP: 13/13
  8462 | D:6      | Found a white marble altar of Elyvilon.
  8708 | D:6      | Noticed Eustachio
  8757 | D:6      | Killed Eustachio
  8878 | D:6      | Reached skill level 1 in Throwing
  9065 | D:6      | Noticed Edmund
  9091 | D:6      | Killed Edmund
  9292 | D:6      | Reached XP level 8. HP: 66/66 MP: 15/15
  9478 | D:6      | Found a runed translucent door.
  9479 | D:6      | Noticed Crazy Yiuf
 11025 | D:8      | Found an ornate altar of the Wu Jian Council.
 11025 | D:8      | Found an ancient bone altar of Kikubaaqudgha.
 11393 | D:8      | Reached skill level 5 in Short Blades
 11429 | D:8      | Found a hide-covered altar of Uskayaw.
 11448 | D:8      | Reached XP level 9. HP: 58/72 MP: 17/17
 11617 | D:8      | Found a shimmering blue altar of Sif Muna.
 12169 | D:9      | Found Xemigh's Food Shoppe.
 12410 | D:9      | Reached skill level 5 in Armour
 12568 | D:9      | Reached skill level 5 in Fighting
 12613 | D:9      | Found a staircase to the Lair.
 12639 | D:9      | Found a blossoming altar of Fedhas.
 13857 | D:9      | Found a glowing golden altar of the Shining One.
 13857 | D:9      | Found a white marble altar of Elyvilon.
 13858 | D:9      | Found a basalt altar of Yredelemnul.
 14335 | D:10     | Entered Level 10 of the Dungeon
 14787 | D:10     | Reached XP level 10. HP: 82/83 MP: 19/19
 15170 | D:10     | Noticed a purple ugly thing
 15284 | D:10     | Noticed a two-headed ogre
 15355 | D:10     | Killed a two-headed ogre
 15687 | D:10     | Killed a white ugly thing
 15728 | D:10     | Noticed a two-headed ogre
 16018 | D:10     | Killed a two-headed ogre
 16274 | D:11     | Reached skill level 5 in Dodging
 16401 | D:11     | Noticed a smoke demon
 16406 | D:10     | Reached skill level 5 in Spellcasting
 16896 | D:11     | Noticed a cyclops
 17220 | D:11     | Killed a cyclops
 17845 | D:11     | Noticed a two-headed ogre
 18133 | D:11     | Noticed a cyan ugly thing
 18187 | D:11     | Killed a two-headed ogre
 18187 | D:11     | Reached XP level 11. HP: 85/92 MP: 22/22
 18512 | Lair:1   | Entered Level 1 of the Lair of Beasts
 18676 | Lair:1   | Found a runed translucent door.
 18676 | Lair:1   | Found a shimmering altar of Xom.
 18676 | Lair:1   | Noticed yuri's ghost (novice BaFi)
 18676 | Lair:1   | Noticed a +1 quarterstaff of chaos
 19164 | Lair:1   | Learned a level 3 spell: Regeneration
 19167 | Lair:1   | Learned a level 2 spell: Shroud of Golubria
 19543 | Lair:2   | Reached skill level 5 in Hexes
 19684 | Lair:2   | Noticed Fannar
 20409 | Lair:2   | Learned a level 2 spell: Blink
 21323 | Lair:2   | Killed Fannar
 22237 | Lair:3   | Got a faintly glowing falchion
 22238 | Lair:3   | Identified the +7 falchion of Compassion {freeze, Dex+4}
                  | (You found it on level 3 of the Lair of Beasts)
 22316 | Lair:3   | Noticed a six-headed hydra
 23148 | Lair:3   | Noticed a four-headed hydra
 23192 | Lair:2   | Reached skill level 1 in Long Blades
 23799 | Lair:3   | Killed a four-headed hydra
 23799 | Lair:3   | Reached XP level 12. HP: 39/102 MP: 23/24
 24585 | Lair:3   | Killed a six-headed hydra
 25887 | Lair:4   | Found a staircase to the Snake Pit.
 26421 | Lair:4   | Found a staircase to the Swamp.
 26904 | Lair:5   | Noticed a seven-headed hydra
 27482 | D:11     | Found Meic's Food Emporium.
 27579 | D:11     | Noticed a four-headed hydra
 27889 | D:10     | Killed a four-headed hydra
 28211 | D:10     | HP: 4/103 [something (14)]
 28220 | D:10     | HP: 5/104 [something (19)]
 28920 | D:12     | Found a staircase to the Orcish Mines.
 29010 | D:12     | Paralysed by a hornet for 2 turns
 29384 | Orc:1    | Entered Level 1 of the Orcish Mines
 29517 | Orc:1    | Found a dark tunnel.
 29553 | Volcano  | Entered a volcano
 31159 | Volcano  | Found a radiant altar of Vehumet.
 31164 | Volcano  | Reached skill level 10 in Short Blades
 31254 | Volcano  | Reached skill level 5 in Evocations
 31808 | Orc:1    | Found a roughly hewn altar of Beogh.
 31894 | Orc:1    | Noticed Jorgrun
 31905 | Orc:1    | Paralysed by an orc sorcerer for 4 turns
 32411 | D:12     | Reached XP level 13. HP: 89/111 MP: 25/25
 32427 | D:12     | Identified the +5 glaive "Waocs" {holy, Dex+2} (You found
                  | it on level 12 of the Dungeon)
 32445 | D:12     | Found Reczylymm's General Store.
 32453 | D:12     | Bought a scroll of identify for 26 gold pieces
 32453 | D:12     | Bought a potion of mutation for 104 gold pieces
 32453 | D:12     | Bought a scroll of identify for 26 gold pieces
 32453 | D:12     | Bought a potion of degeneration for 13 gold pieces
 33544 | Lair:5   | Learned a level 3 spell: Mephitic Cloud
 33548 | Lair:5   | Learned a level 3 spell: Spectral Weapon
 34826 | Lair:5   | Found a staircase to the Slime Pits.
 35754 | Lair:5   | Reached skill level 5 in Long Blades
 35964 | Lair:6   | Entered Level 6 of the Lair of Beasts
 36202 | Lair:6   | Reached skill level 1 in Necromancy
 37072 | Lair:6   | Reached skill level 10 in Fighting
 37756 | Lair:6   | HP: 1/113 [elephant (16)]
 37757 | Lair:6   | Slain by an elephant

Levels and vault maps discovered:
D:1:      minmay_arrival_nine_rooms, layout_loops_corners
D:2:      layout_basic, minivault_24
D:3:      layout_basic, hangedman_ru_absence, ebering_ghost_gozag
D:4:      layout_rooms, lightli_temple_of_fire, cheibriados_altar_1,
          minmay_temple_entry_large_hall, first_ration,
          nicolae_gozag_zags_fifth_avenue
D:5:      layout_loops_corners, nicolae_overflow_crystal_walls,
          nemelex_xobeh_ov_fountains_minmay
D:6:      layout_rooms, basic_altar, uniq_eustachio, uniq_edmund,
          uniq_crazy_yiuf_cottage
D:7:      layout_basic, the_bakery, kennysheep_cross_room
D:8:      layout_rooms, eat_drink_and_be_merry_uskayaw, kennysheep_mini_moat,
          chequers_temple_overflow_statue_of_worship
D:9:      layout_stronghold, gammafunk_temple_overflow_claw, fedhas_altar_2,
          lair_entry_dummy, serial_rivers, chequers_serial_rivers_micro_b,
          chequers_serial_rivers_micro_c, chequers_serial_rivers_small_a,
          chequers_serial_rivers_marsh, serial_shops, shop, lemuel_old_faithful
D:10:     layout_loops_ring, grunt_ministairs_3
D:11:     layout_basic, serial_shops, shop
D:12:     layout_basic, hiddenorc2_lemuel, serial_shops, shop
Lair:1:   layout_roguey, ebering_ghost_xom, minmay_lair_oklob_chamber
Lair:2:   layout_gridlike, uniq_fannar
Lair:3:   beast_lair_carwin_large_3, layout_gridlike, serial_forest,
          infiniplex_forest_clump_medium, infiniplex_forest_clump_small,
          infiniplex_forest_zigzag_1, infiniplex_forest_end_2,
          infiniplex_forest_lined_3, infiniplex_forest_lined_3,
          infiniplex_forest_corner_1, infiniplex_staircase_pool_2
Lair:4:   layout_small_grid, swamp_mist, minmay_snake_entry_six_corridors,
          lemuel_fruit_fields
Lair:5:   layout_big_grid, nicolae_slime_entry_slimehenge, beast_lair_carwin_6,
          grunt_megastairs_2
Lair:6:   evilmike_catoblepas_cave, layout_concentric_octagons,
          lookout_lair_type
Orc:1:    layout_caves, lightli_volcano_entry_magma_tube, minmay_orc_temple_a,
          uniq_jorgrun

Skill      XL: |  1  2  3  4  5  6  7  8  9 10 11 12 13 |
---------------+----------------------------------------+-----
Fighting       | 2 3 4 5 7 8 9 10 | 10.0
Short Blades   | 1 2 3 5 6 7 9 10 | 10.4
Armour         | 1 2 3 4 5 6 7 |  7.9
Slings         | 1 |  1.5
Spellcasting   | 2 3 4 5 |  5.8
Shields        | 1 2 4 |  4.0
Hexes          | 1 2 3 4 5 6 |  6.5
Dodging        | 2 4 5 6 |  6.8
Throwing       | 1 2 |  2.0
Evocations     | 3 5 6 |  6.1
Charms         | 3 4 |  4.9
Long Blades    | 1 4 5 |  5.4
Necromancy     | 1 |  1.5
Stealth        | |  1.2
Translocations | |  1.1

Action                   |  1- 3 |  4- 6 |  7- 9 | 10-12 | 13-15 || total
-------------------------+-------+-------+-------+-------+-------++-------
Melee: Short sword       |   194 |   187 |       |       |       ||   381
       Club              |     1 |       |       |       |       ||     1
       Rapier            |       |    81 |       |  1214 |   361 ||  1656
       Dagger            |       |    41 |   688 |   247 |       ||   976
       Falchion          |       |       |       |       |    78 ||    78
 Fire: Hunting sling     |       |    57 |       |       |       ||    57
Throw: Dart              |       |       |   128 |   159 |    25 ||   312
 Cast: Confusing Touch   |       |       |    34 |   162 |    33 ||   229
       Shroud of Golubri |       |       |       |    86 |    36 ||   122
       Blink             |       |       |       |    16 |     9 ||    25
       Regeneration      |       |       |       |     5 |    20 ||    25
       Spectral Weapon   |       |       |       |       |    19 ||    19
 Abil: Evoke Invisibilit |       |     3 |    17 |     2 |       ||    22
       Evoke Berserk Rag |       |       |       |     1 |     1 ||     2
Evoke: Wand              |       |     1 |       |    44 |     3 ||    48
       Phial of floods   |       |       |       |     1 |     2 ||     3
  Use: Scroll            |       |    11 |     2 |    21 |     5 ||    39
       Potion            |       |     5 |       |     6 |     2 ||    13
 Stab: Sleeping          |     1 |       |     2 |     3 |       ||     6
       Invisible         |       |     3 |    27 |     5 |       ||    35
       Confused          |       |       |    21 |   122 |    25 ||   168
       Paralysed         |       |       |       |     1 |       ||     1
       Distracted        |       |       |       |       |     4 ||     4
  Eat: Chunk             |     5 |    11 |    19 |    24 |    13 ||    72
       Ration            |       |     2 |     3 |    10 |     2 ||    17
Armor: Robe              |     2 |       |       |       |       ||     2
       Chain mail        |   150 |   209 |    75 |       |       ||   434
       Ring mail         |       |       |   146 |   320 |   148 ||   614
Dodge: Dodged            |    90 |   118 |   267 |   582 |   272 ||  1329
Block: Buckler           |       |    15 |   177 |   419 |   180 ||   791
       Rpst.: Falchion   |       |       |       |       |    12 ||    12

Table legend:
 A = Non-vault XP
 B = Vault XP
 C = Vault XP percentage of total XP
 D = Non-vault monster count
 E = Vault monster count
 F = Vault count percentage of total count
                 A         B        C        D         E       F
            +---------+---------+-------+---------+---------+-------
      Total |   47847 |   15157 |  24.1 |     387 |     111 |  22.3
            +---------+---------+-------+---------+---------+-------
        D:1 |      45 |       0 |   0.0 |      23 |       0 |   0.0
        D:2 |     108 |       0 |   0.0 |      29 |       0 |   0.0
        D:3 |      68 |       0 |   0.0 |      23 |       0 |   0.0
        D:4 |     141 |       0 |   0.0 |      10 |       0 |   0.0
        D:5 |     254 |       0 |   0.0 |      12 |       0 |   0.0
        D:6 |     849 |     361 |  29.8 |      20 |       2 |   9.1
        D:7 |     881 |     201 |  18.6 |      14 |       1 |   6.7
        D:8 |    1335 |       0 |   0.0 |      27 |       0 |   0.0
        D:9 |    1897 |       0 |   0.0 |      35 |       0 |   0.0
       D:10 |    6296 |     301 |   4.6 |      33 |       6 |  15.4
       D:11 |    4563 |       0 |   0.0 |      33 |       0 |   0.0
       D:12 |    3584 |     279 |   7.2 |      20 |      32 |  61.5
     Lair:1 |    4420 |       0 |   0.0 |      19 |       0 |   0.0
     Lair:2 |    3785 |    1320 |  25.9 |      17 |       2 |  10.5
     Lair:3 |    4136 |    1964 |  32.2 |      10 |      10 |  50.0
     Lair:4 |    3324 |    2651 |  44.4 |      15 |      15 |  50.0
     Lair:5 |    6248 |    3003 |  32.5 |      19 |      17 |  47.2
     Lair:6 |    4986 |     565 |  10.2 |      12 |       1 |   7.7
      Orc:1 |     927 |     124 |  11.8 |      16 |       7 |  30.4
    Volcano |       0 |    4388 | 100.0 |       0 |      18 | 100.0
            +---------+---------+-------+---------+---------+-------
